 Dungeon Sprint DCSS version 0.31-a0-920-g28cbb04a8c (webtiles) character file.

Game seed: 10007249544784338164

7060 sircluck the Brawler (level 10, -2/119 HPs)
             Began as a Troll Berserker on Oct 17, 2023.
             Was the Champion of Trog.
             Slain by a sixfirhy (12 damage)
             ... in the Dungeon (Sprint VII: "The Pits").
             The game lasted 00:02:47 (987 turns).

sircluck the Brawler (Troll Berserker)               Turns: 987, Time: 00:02:47

Health: -2/119     AC:  5    Str: 31    XL:     10   Next: 83%
Magic:  9/9        EV: 13    Int:  9    God:    Trog [******]
Gold:   0          SH:  0    Dex:  9    Spells: 9/9 levels left

rFire   . .          .
                       - Unarmed
rCold   . . .        (no shield)
rNeg    . . .        a - +0 animal skin
rPois   .            (helmet restricted)
rElec   .            p - +0 cloak
rCorr   .            (gloves unavailable)
SInv    .            (boots unavailable)
Will    .....        (no amulet)
Stlth   +            k - +3 ring of intelligence
HPRegen 1.19/turn    l - +3 ring of intelligence
MPRegen 0.11/turn

%: no teleportation
@: no status effects
A: large, unfitting armour, claws 3, regeneration 1, shaggy fur 1, tough skin 1
a: Renounce Religion, Berserk, Trog's Hand, Brothers in Arms


You were in the Dungeon.
You worshipped Trog.
Trog was exalted by your worship.
You visited 1 branch

Inventory:

Armour
 a - a +0 animal skin (worn)
 p - a +0 cloak (worn)
Jewellery
 k - a +3 ring of intelligence (left claw)
 l - a +3 ring of intelligence (right claw)
Scrolls
 g - a scroll of blinking
 i - 2 scrolls of vulnerability
 j - a scroll of summoning
Potions
 b - 7 potions of curing
 c - 10 potions of heal wounds
 d - a potion of haste
 e - 4 potions of magic
 f - 4 potions of berserk rage
 h - 2 potions of invisibility
 m - a potion of mutation
 n - a potion of resistance
 o - a potion of might


   Skills:
 + Level 13.3 Fighting
 + Level 13.1 Dodging
 + Level 15.4 Unarmed Combat


You had 9 spell levels left.
You didn't know any spells.
Your spell library was empty.

Dungeon Overview and Level Annotations

Branches:
Dungeon (1/1)

Altars:
Ashenzari
Cheibriados
Dithmenos
Elyvilon
Fedhas
Gozag
Hepliaklqana
Kikubaaqudgha
Makhleb
Nemelex Xobeh
Okawaru
Qazlal
Ru
Sif Muna
Trog
Uskayaw
Vehumet
Wu Jian
Xom
Yredelemnul
Zin
The Shining One
Jiyva
Lugonu


Innate Abilities, Weirdness & Mutations

You are too large for most types of armour.
You have claws for hands.
Your natural rate of healing is unusually fast.
You are covered in fur. (AC +1)
You have tough skin. (AC +1)


Message History

You scratch the yak.
The yak is lightly wounded.
You mangle the yak!!
The yak is severely wounded.
The yak gores you.
You barely miss the yak. You claw the yak, but do no damage.
The yak is severely wounded.
You mangle the yak!!
You kill the yak!
Trog accepts your kill. The yak gores you but does no damage.
The death knight hits you with a +0 battleaxe!!
You eviscerate the death knight!!!
The death knight is heavily wounded.
The hound pauses to sniff the ground.
The yak gores you!
The death knight hits you with a +0 battleaxe!!
You are too injured to fight recklessly!
You are too injured to fight recklessly!
You are too injured to fight recklessly!
You are too injured to fight recklessly!
You are too injured to fight recklessly!
You are too injured to fight recklessly!
You mangle the death knight!!
The death knight is severely wounded.
You completely miss the death knight.
The death knight is severely wounded.
The yak gores you but does no damage.
The death knight offers itself to Yredelemnul, and fills with unholy energy.
You eviscerate the death knight!!!
You kill the death knight!
Trog accepts your kill.
Your damage is reflected back at you!
The sixfirhy hits you!
* * * LOW HITPOINT WARNING * * *
The sixfirhy shocks you!
* * * LOW HITPOINT WARNING * * *
The yak gores you!
* * * LOW HITPOINT WARNING * * *
The sixfirhy hits you!
You die...

#####''######
...##''################ ###
...##..#..............###..#
...##..##..............#).#
...##..####...#)######.÷)##
...##..#..#####)##.3.##'##
...##..#....##...#...#...#
...##.†'.....#..†#Y..#...#
#####.)†.....'..@3Y".+...+
#####.†'.....#..Y#Yh.#...#
![.##..#....##...#...#)..#
.[[##..#..#####.##...##)##
.))##..####...#'######.).#
.))##..##.......†.)....#.)#
.))##..#........†.....###..#
####################### ###


You could see 4 yaks, a sixfirhy and a hound.

Vanquished Creatures
  A death knight (D)
  A shadow wraith (D)
  A bog body (D)
  A phantasmal warrior (D)
  A deep elf zephyrmancer (D)
  An orc knight (D)
  An elephant (D)
  A molten gargoyle (D)
  A cane toad (D)
  A freezing wraith (D)
  A hellwing (D)
  A polar bear (D)
  A flying skull (D)
  A ynoxinul (D)
  2 yaks (D)
  4 vampire mosquitoes (D)
  An orc warrior (D)
  An ogre (D)
  A phantom (D)
  A kobold brigand (D)
  5 wights (D)
  A crimson imp (D)
  A jelly (D)
  An orc priest (D)
  2 iron imps (D)
  A mummy (D)
  A white imp (D)
  5 orcs (D)
  A ball python (D)
  3 endoplasms (D)
  4 hobgoblins (D)
  2 bats (D)
  A frilled lizard (D)
52 creatures vanquished.

Vanquished Creatures (collateral kills)
  A smoke demon (D)
  A tyrant leech (D)
  6 yaks (D)
  A quasit (D)
  A rat (D)
10 creatures vanquished.

Grand Total: 62 creatures vanquished

Notes
Turn   | Place    | Note
-------+----------+-------------------------------------------
     0 | D        | sircluck the Troll Berserker began the quest for the Orb.
     0 | D        | Reached XP level 1. HP: 22/22 MP: 0/0
    23 | D        | Found a bloodstained altar of Trog.
    23 | D        | Found a shimmering blue altar of Sif Muna.
    23 | D        | Found a viscous altar of Jiyva.
    23 | D        | Found a hazy altar of Hepliaklqana.
    23 | D        | Found an opulent altar of Gozag.
    24 | D        | Found a glowing golden altar of the Shining One.
    24 | D        | Found a glowing silver altar of Zin.
    24 | D        | Found a basalt altar of Yredelemnul.
    24 | D        | Found a shimmering altar of Xom.
    24 | D        | Found an ornate altar of the Wu Jian Council.
    24 | D        | Found a sacrificial altar of Ru.
    24 | D        | Found a stormy altar of Qazlal.
    24 | D        | Found an iron altar of Okawaru.
    24 | D        | Found a sparkling altar of Nemelex Xobeh.
    24 | D        | Found a burning altar of Makhleb.
    24 | D        | Found a blossoming altar of Fedhas.
    24 | D        | Found a white marble altar of Elyvilon.
    24 | D        | Found a shadowy altar of Dithmenos.
    24 | D        | Found a snail-covered altar of Cheibriados.
    26 | D        | Found a radiant altar of Vehumet.
    26 | D        | Found a corrupted altar of Lugonu.
    27 | D        | Found a hide-covered altar of Uskayaw.
    27 | D        | Found an ancient bone altar of Kikubaaqudgha.
    27 | D        | Found a broken altar of Ashenzari.
    66 | D        | Reached ** piety under Trog
    82 | D        | Noticed a phantom
    95 | D        | Killed a phantom
    95 | D        | Reached *** piety under Trog
    96 | D        | Reached skill level 5 in Unarmed Combat
    96 | D        | Reached XP level 2. HP: 23/33 MP: 1/1
    96 | D        | Reached XP level 3. HP: 28/40 MP: 2/2
    96 | D        | Reached XP level 4. HP: 35/49 MP: 3/3
   183 | D        | Reached **** piety under Trog
   184 | D        | Noticed a kobold brigand
   196 | D        | Killed a kobold brigand
   197 | D        | Reached skill level 5 in Fighting
   197 | D        | Reached skill level 5 in Dodging
   197 | D        | Reached skill level 6 in Unarmed Combat
   197 | D        | Reached XP level 5. HP: 51/59 MP: 4/4
   209 | D        | Reached skill level 7 in Unarmed Combat
   213 | D        | Noticed an ogre
   216 | D        | Killed an ogre
   217 | D        | Reached XP level 6. HP: 63/68 MP: 5/5
   227 | D        | Reached ***** piety under Trog
   235 | D        | Killed a shadow wraith
   236 | D        | Reached skill level 10 in Unarmed Combat
   236 | D        | Reached XP level 7. HP: 32/81 MP: 6/6
   277 | D        | Noticed a flying skull
   280 | D        | Killed a flying skull
   293 | D        | Reached XP level 8. HP: 15/92 MP: 7/7
   366 | D        | Noticed an elephant
   366 | D        | Noticed a phantasmal warrior
   376 | D        | Killed an elephant
   377 | D        | Reached skill level 11 in Unarmed Combat
   380 | D        | Killed a phantasmal warrior
   381 | D        | Reached skill level 10 in Fighting
   381 | D        | Reached skill level 10 in Dodging
   394 | D        | Reached ****** piety under Trog
   394 | D        | Received a gift from Trog
   529 | D        | Reached skill level 12 in Unarmed Combat
   529 | D        | Reached XP level 9. HP: 89/102 MP: 8/8
   547 | D        | Identified the +8 quarterstaff "Gejaih" {heavy, rN+} (Trog
                  | gifted it to you in the Dungeon)
   547 | D        | Received a gift from Trog
   638 | D        | Noticed a cane toad
   649 | D        | Killed a cane toad
   650 | D        | Reached skill level 13 in Unarmed Combat
   654 | D        | Noticed a hellwing
   661 | D        | Killed a hellwing
   666 | D        | Identified the +3 great mace of Res Ipsa Loquitur {heavy,
                  | rF+ SInv} (Trog gifted it to you in the Dungeon)
   666 | D        | Received a gift from Trog
   689 | D        | Noticed a freezing wraith
   689 | D        | Noticed a polar bear
   689 | D        | Noticed a bog body
   694 | D        | Killed a bog body
   696 | D        | Killed a polar bear
   697 | D        | Reached XP level 10. HP: 115/115 MP: 9/9
   699 | D        | Reached skill level 14 in Unarmed Combat
   751 | D        | Noticed a deep elf zephyrmancer
   753 | D        | Killed a deep elf zephyrmancer
   753 | D        | Received a gift from Trog
   762 | D        | Noticed a molten gargoyle
   762 | D        | Noticed an orc knight
   768 | D        | Killed a molten gargoyle
   781 | D        | Killed an orc knight
   845 | D        | Noticed a smoke demon
   855 | D        | Identified the +1 quarterstaff "Ucluwna" {heavy, Str+2}
                  | (Trog gifted it to you in the Dungeon)
   855 | D        | Received a gift from Trog
   866 | D        | Killed a smoke demon
   867 | D        | Reached skill level 15 in Unarmed Combat
   872 | D        | Identified the +10 giant spiked club of Fortitude {flame,
                  | +Blink Str+5} (Trog gifted it to you in the Dungeon)
   872 | D        | Received a gift from Trog
   971 | D        | Noticed a sixfirhy
   971 | D        | Noticed a death knight
   987 | D        | Killed a death knight
   987 | D        | Slain by a sixfirhy

Illustrated notes

Levels and vault maps discovered:
D:        pitsprint [storerooms_1, entrance_room_1, metal_vault_1, armoury_3,
          mini_pit_1, grid_room_1, main_hall_1, silver_pit, the_coven_1,
          the_vestibule_1, steel_vault_1, golden_pit, hallway_of_sentries,
          crystal_vault_4, iron_vault_1, final_vault]

Skill      XL: |  1  2  3  4  5  6  7  8  9 10 |
---------------+-------------------------------+-----
Fighting       | 4 5 6 8 9 10 11 13 | 13.3
Dodging        | 4 5 6 8 9 10 11 13 | 13.1
Unarmed Combat | 5 6 7 10 12 13 15 | 15.4

Action                     |  1- 3 |  4- 6 |  7- 9 | 10-12 || total
---------------------------+-------+-------+-------+-------++-------
  Melee: Unarmed           |    21 |    31 |    81 |    37 ||   170
         Punch             |     1 |     3 |     5 |     2 ||    11
 Invoke: Berserk           |       |       |     1 |       ||     1
         Brothers in Arms  |       |       |       |     1 ||     1
 Armour: Animal skin       |    17 |    17 |    53 |    33 ||   120
  Dodge: Dodged            |    20 |     9 |    43 |    12 ||    84

Table legend: (Time is in decaauts)
 A = Elapsed time spent in this place.
 B = Non-inter-level travel time spent in this place.
 C = Inter-level travel time spent in this place.
 D = Time resting spent in this place.
 E = Time spent auto-exploring this place.
 F = Levels seen in this place.
 G = Mean time per level.
                   A        B        C        D        E       F      G
               +--------+--------+--------+--------+--------+-----+--------+
         Total |    971 |    971 |      0 |    322 |    278 |   1 |  971.0 |
       Dungeon |    971 |    971 |      0 |    322 |    278 |   1 |  971.0 |
               +--------+--------+--------+--------+--------+-----+--------+

Top non-repeatable levels by time:
       D: 971 daAuts
